AoeStats
← FlamingToasty

Black Forest

510213114Analyzed
3v3 RM · 3d ago on Sep 30, 2026· 39m 23s· 6 players
Game mode
Random Map
Map size
Normal (6 player)
Population
200
Speed
Normal
Resources
Standard
Victory
Conquest
Starting age
Dark Age
Ending age
Imperial Age
RankedLock teamsTeams togetherTeam positionsShared explorationLock speedFull tech treeHidden civsTurbo modeCheats
Victory
Defeat
🇲🇽 Romans · Mexico
954
+13
🇲🇽 Burgundians · Mexico
933
+14
🇲🇽 Japanese · Mexico
852
+17
🇺🇸 Franks · United States
1000
-62
🇺🇸 Romans · United States
828
-32
🇺🇸 Spanish · United States
828
-32
FlamingToasty
13:21 Feudal Age
13:54 Double-Bit Axe
15:41 Stone Mining
19:53 Forging
19:54 Scale Barding Armor
24:17 Castle Age
23:27 Scale Mail Armor
25:27 Husbandry
26:28 Bow Saw
26:21 Gold Mining
28:04 Wheelbarrow
27:17 Loom
30:07 Hand Cart
33:34 Gold Shaft Mining
33:11 Murder Holes
36:47 Chain Barding Armor
36:51 Guard Tower
38:03 Iron Casting
37:45 Chain Mail Armor
37:24 Fletching
37:34 Padded Archer Armor
37:52 Masonry
DARLIIIIIIIIIIIIIING
1:57 Loom
13:45 Feudal Age
15:29 Double-Bit Axe
18:14 Castle Age
16:30 Horse Collar
21:01 Bow Saw
24:28 Heavy Plow
26:33 Wheelbarrow
25:46 Man-at-Arms
26:46 Forging
26:36 Scale Mail Armor
26:41 Long Swordsman
27:22 Squires
30:51 Ballistas
35:45 Imperial Age
33:34 Hand Cart
33:05 Town Watch
33:33 Gold Mining
36:00 Iron Casting
35:41 Chain Mail Armor
35:33 Scale Barding Armor
36:07 Caravan
35:58 Capped Ram
Qued's Bane
14:25 Feudal Age
19:35 Double-Bit Axe
19:41 Horse Collar
22:53 Loom
25:10 Castle Age
25:35 Gold Mining
25:36 Stone Mining
29:19 Bow Saw
29:22 Heavy Plow
31:59 Stone Shaft Mining
iiggzz
0:36 Loom
13:07 Feudal Age
16:56 Castle Age
16:19 Double-Bit Axe
16:18 Horse Collar
16:33 Gold Mining
20:08 Bow Saw
22:07 Heavy Plow
23:54 Wheelbarrow
24:08 Stone Mining
26:57 Caravan
29:01 Fletching
29:12 Padded Archer Armor
30:00 Ballistas
32:44 Imperial Age
30:47 Hand Cart
32:03 Masonry
32:36 Ballistics
33:32 Scale Barding Armor
33:55 Conscription
34:47 Chemistry
34:45 Bloodlines
34:47 Forging
34:58 Chain Barding Armor
35:22 Heavy Scorpion
36:29 Husbandry
38:12 Iron Casting
37:45 Siege Engineers
39:09 Plate Barding Armor
40:47 Blast Furnace
Pikapork
0:34 Loom
13:40 Feudal Age
12:05 Double-Bit Axe
17:08 Bow Saw
16:53 Stone Mining
19:25 Castle Age
18:08 Fishing Lines
19:04 Gold Mining
20:17 Gillnets
20:44 Horse Collar
22:02 Heavy Plow
25:49 Stone Shaft Mining
25:49 Gold Shaft Mining
27:50 Two-Man Saw
29:43 Crop Rotation
32:33 Imperial Age
31:51 Wheelbarrow
31:23 Padded Archer Armor
31:14 Fletching
32:31 Fortified Wall
32:18 Murder Holes
33:32 Bodkin Arrow
34:11 Leather Archer Armor
33:45 Treadmill Crane
35:27 Chemistry
34:49 Ballistics
35:05 Conscription
35:36 Hand Cart
35:52 Bracer
36:52 Pikeman
37:32 Squires
37:18 Arson
38:22 Burgundian Vineyards
39:41 Scale Barding Armor
39:37 Scale Mail Armor
39:48 Forging
39:07 Halberdier
maalrivba
0:40 Loom
12:46 Feudal Age
14:08 Wheelbarrow
15:28 Double-Bit Axe
19:28 Castle Age
17:35 Horse Collar
17:56 Stone Mining
18:04 Gold Mining
18:35 Fletching
23:04 Bow Saw
23:32 Heavy Plow
24:48 Gold Shaft Mining
32:32 Imperial Age
30:17 Guard Tower
30:09 Treadmill Crane
30:29 Town Watch
30:50 Padded Archer Armor
31:04 Bodkin Arrow
31:54 Fortified Wall
32:16 Masonry
32:18 Scale Mail Armor
33:07 Hand Cart
33:35 Conscription
34:39 Two-Man Saw
34:00 Arrowslits
35:59 Chemistry
35:31 Forging
36:06 Yasama
36:51 Ballistics
37:50 Hoardings
37:33 Leather Archer Armor
39:02 Chain Mail Armor
38:36 Arson
39:25 Squires
38:47 Elite Skirmisher
Connection lost

Rejoining the realm…

Still unreachable

The connection could not be restored.

Session expired

The server has moved on; the page needs a fresh start.